 Dungeon Crawl Stone Soup version 0.29.1-4-g47bece8355 (webtiles) character file.

Game seed: 17068412821316264703

122 ChadusMaximus the Caller (level 5, 0/35 HPs)
             Began as a Human Summoner on Dec 6, 2022.
             Slain by an orc wizard
             ... wielding a +0 dagger
              (1 damage)
             ... on level 3 of the Dungeon.
             The game lasted 00:02:25 (2596 turns).

ChadusMaximus the Caller (Human Summoner)           Turns: 2596, Time: 00:02:25

Health: 0/35       AC:  2    Str:  8    XL:     5   Next: 27%
Magic:  7/9        EV: 12    Int: 18    God:
Gold:   170        SH:  0    Dex: 13    Spells: 9/10 levels left

rFire   . . .      SeeInvis .   e - +2 dagger (venom)
rCold   . . .      Faith    .   (no shield)
rNeg    . . .      Spirit   .   a - +0 robe
rPois   .          Reflect  .   (no helmet)
rElec   .          Harm     .   (no cloak)
rCorr   .          Rampage  .   (no gloves)
Will    .....                   (no boots)
Stlth   +.........              (no amulet)
HPRegen 0.11/turn               d - +4 ring of slaying
MPRegen 0.11/turn               (no ring)

@: confused
A: no striking features
a: no special abilities


You were on level 3 of the Dungeon.
You visited 1 branch of the dungeon, and saw 3 of its levels.

You collected 170 gold pieces.

Inventory:

Hand Weapons
 e - a +2 dagger of venom (weapon)
Armour
 a - a +0 robe (worn)
Jewellery
 d - a +4 ring of slaying (left hand)
 n - a ring of positive energy
Scrolls
 c - a scroll of enchant weapon {unknown}
 f - a scroll of immolation {unknown}
 g - a scroll of identify {unknown}
 h - a scroll of fear {unknown}
 l - a scroll of torment {unknown}
 p - a scroll of poison {unknown}
Potions
 b - a potion of magic
 i - a potion of flight {unknown}
 j - a potion of invisibility {unknown}
 k - a potion of attraction {unknown}
 m - a potion of haste {unknown}
 o - 2 potions of lignification {unknown}
 q - 2 potions of curing {unknown}


   Skills:
 - Level 2.2 Dodging
 - Level 2.2 Stealth
 + Level 3.0 Spellcasting
 * Level 5.4 Summonings


You had 9 spell levels left.
You knew the following spells:

 Your Spells              Type           Power      Damage    Failure   Level
a - Summon Small Mammal   Summ           88%        N/A       1%          1

Your spell library contained the following spells:

 Spells                   Type           Power      Damage    Failure   Level
 Call Imp                 Summ           22%        N/A       2%          2
 Call Canine Familiar     Summ           22%        N/A       5%          3
 Necrotise                Necr           8%         1d4       16%         1
 Summon Guardian Golem    Hex/Summ       12%        N/A       16%         3
 Vampiric Draining        Necr           2%         2d6       43%         3
 Summon Lightning Spire   Summ/Air       12%        N/A       47%         4
 Agony                    Necr           2%         N/A       99%         5


Dungeon Overview and Level Annotations

Branches:
Dungeon (3/15)

Altars:


Message History

Your quokka dies!
Your quokka's corpse disappears in a puff of smoke!
Something hits you.
You swap places.
An orc comes into view. It is wielding a +0 club.
The orc barely misses your quokka.
Your quokka closely misses the orc.
Your quokka misses the orc.
The orc hits your quokka with a +0 flail.
There are monsters nearby!
There are monsters nearby!
There are monsters nearby!
Your quokka bites the orc.
Something hits you.
The orc hits your quokka with a +0 flail!
Your quokka dies!
Your quokka's corpse disappears in a puff of smoke!
Something hits you.
An orc wizard appears from thin air!
Reactivating autopickup.
The orc wizard points at you and mumbles some strange words.
You are confused.
The orc wizard hits you with a +0 dagger.
You miss the orc wizard. The orc hits you with a +0 flail.
The orc wizard hits you but does no damage.
You hit the orc wizard.
The orc wizard is poisoned.
The orc wizard is moderately wounded.
The orc wizard casts a spell at you. The puff of flame hits you.
* * * LOW HITPOINT WARNING * * *
The orc wizard attacks as you move away!
The orc wizard closely misses you. The orc hits you with a +0 flail.
* * * LOW HITPOINT WARNING * * *
The orc closely misses you.
The orc wizard gestures at you while chanting.
You are more confused.
The orc wizard barely misses you.
You bump into the rock wall.
The orc wizard looks more healthy.
The orc hits you with a +0 flail.
* * * LOW HITPOINT WARNING * * *
The orc wizard hits you with a +0 dagger.
You die...

#.##.##...'........#.....#.
#.##.##.###........#.....'.
##o####.##.......##'######.....##
...........)).........# #.....##
###........##..#.##.#.# #.....##
#........+.#........# #.....##
#........#.........## #.....'.
##########..ooo###.# #.....##
#...#@# #.# #.....## #...#.###.#
######## #.......#.# #
#.....†.#.############
#.....##............)...
#.###.##....########.... #.
##.....### #......
...........#### #.#.##. #
#######.#....####.#.###


You could see an orc wizard and 2 orcs.

Vanquished Creatures
  An orc priest (D:3)
  3 adders (D:2)
  A worm (D:2)
  A dart slug (D:2)
  2 orcs (D:3)
  4 bats
  2 endoplasms (D:3)
  2 giant cockroaches (D:2)
  2 hobgoblins
  3 kobolds (D:3)
  6 ball pythons
  A frilled lizard (D:1)
  5 goblins
  3 rats
36 creatures vanquished.

Vanquished Creatures (collateral kills)
  A dart slug (D:1)
  2 ball pythons
  An endoplasm (D:1)
  A giant cockroach (D:1)
  2 goblins (D:1)
  4 hobgoblins
  A quokka (D:1)
  2 bats (D:1)
  A frilled lizard (D:1)
  A kobold (D:2)
  3 rats
19 creatures vanquished.

Grand Total: 55 creatures vanquished

Notes
Turn   | Place    | Note
-------+----------+-------------------------------------------
     0 | D:1      | ChadusMaximus the Human Summoner began the quest for the
                  | Orb.
     0 | D:1      | Reached XP level 1. HP: 13/13 MP: 3/3
   228 | D:1      | Reached XP level 2. HP: 17/19 MP: 1/5
   696 | D:1      | Reached XP level 3. HP: 24/24 MP: 6/6
  1447 | D:2      | Reached XP level 4. HP: 30/30 MP: 4/7
  1657 | D:2      | Reached skill level 5 in Summonings
  2581 | D:3      | Reached XP level 5. HP: 27/35 MP: 5/9
  2596 | D:3      | HP: 1/35 [orc/+0 flail (4)]
  2596 | D:3      | Slain by an orc wizard

Illustrated notes

Levels and vault maps discovered:
D:1:      psy_arrival_radial01, layout_rooms
D:2:      layout_loops_ring, serial_aquarium, aquarium_bridge_straight
          [aquarium_subvault_bridge, aquarium_subvault_balcony,
          aquarium_subvault_bridge, aquarium_subvault_wall],
          aquarium_bridge_island_small [aquarium_subvault_small_open,
          aquarium_subvault_bridge, aquarium_subvault_wall,
          aquarium_subvault_bridge, aquarium_subvault_bridge],
          aquarium_window_1, aquarium_window_fake, aquarium_window_1,
          aquarium_window_corridor_1, aquarium_view_2b, aquarium_view_2c,
          grunt_decor_junction, minmay_misc_feat_diagonals,
          minmay_misc_feat_hallway
D:3:      layout_basic

Skill      XL: |  1  2  3  4 |
---------------+-------------+-----
Summonings     | 5 |  5.4
Spellcasting   | 3 |  3.0
Dodging        | |  2.2
Stealth        | |  2.2

Action                   |  1- 3 |  4- 6 || total
-------------------------+-------+-------++-------
Melee: Unarmed           |    43 |       ||    43
       Dagger            |    32 |    40 ||    72
       Punch             |     1 |       ||     1
 Cast: Summon Small Mamm |    30 |    12 ||    42
 Stab: Sleeping          |       |     5 ||     5
Armor: Robe              |    32 |    11 ||    43
Dodge: Dodged            |    61 |    19 ||    80
